[Event "*** Qualifier 3: Titled Tuesday 3|2 Blitz"]
[Site "Chess.com"]
[Date "2017.04.18"]
[Round "4"]
[White "Lupul_Cenusiu"]
[Black "jcibarra"]
[Result "0-1"]
[WhiteElo "2455"]
[BlackElo "2654"]
[TimeControl "180+2"]
[EndTime "13:49:11 PDT"]
[Termination "jcibarra won by resignation"]

1. d4 Nf6 2. Bg5 c5 3. d5 Ne4 4. Bf4 Qb6 5. Bc1 e6 6. f3 Qa5+ 7. c3 Nf6 8. e4 d6 9. Na3 exd5 10. exd5 Be7 11. Nc4 Qd8 12. a4 O-O 13. Kf2 Na6 14.
g4 Nc7 15. Ne3 Re8 16. Bc4 b6 17. Nh3 a6 18. Nf4 Bb7 19. Be2 b5 20. g5 Nd7 21.
h4 Bf8 22. Rg1 g6 23. Ng4 Bg7 24. Be3 Ne5 25. Qd2 Nxg4+ 26. Rxg4 Re5 27. c4 Qe7 28. axb5 Rxe3 29. b6 Bd4 30. Kf1 Ne8 31. Ng2 Rb3 32.
Ra2 Rxb6 33. Rxd4 cxd4 34. Qxd4 Rb3 35. Bd1 Rb4 36. Qc3 a5 37. f4 Rxc4 0-1

[Event "*** Qualifier 3: Titled Tuesday 3|2 Blitz"]
[Site "Chess.com"]
[Date "2017.04.18"]
[Round "4"]
[White "proxy6"]
[Black "grzechu96"]
[Result "0-1"]
[WhiteElo "2181"]
[BlackElo "2379"]
[TimeControl "180+2"]
[EndTime "13:49:34 PDT"]
[Termination "grzechu96 won by resignation"]

1. e4 c5 2. Nf3 d6 3. d4 cxd4 4.
Nxd4 Nf6 5. Nc3 a6 6. Be3 e6 7.
g4 b5 8. g5 Nfd7 9. f4 Bb7 10.
a3 Nc6 11. Qd2 Rc8 12. O-O-O Na5 13. h4 Nc4 14. Bxc4 Rxc4 15. h5 Qc7 16. g6 Rxc3 17.
gxf7+ Kxf7 18. bxc3 Bxe4 19. Rhf1 d5 20. f5 e5 21. Nb3 Bxa3+ 22. Kb1 Qc4 23. Na1 b4 24. cxb4 Rb8 0-1

[Event "*** Qualifier 3: Titled Tuesday 3|2 Blitz"]
[Site "Chess.com"]
[Date "2017.04.18"]
[Round "4"]
[White "brauliocuarta"]
[Black "DavidMarkosyan"]
[Result "0-1"]
[WhiteElo "2139"]
[BlackElo "2345"]
[TimeControl "180+2"]
[EndTime "13:49:40 PDT"]
[Termination "DavidMarkosyan won by resignation"]

1. d4 Nf6 2. c4 g6 3. Nc3 Bg7 4. e4 O-O 5. f4 d6 6. Nf3 c5 7. d5 e6 8. Be2 exd5 9. cxd5 Bg4 10. O-O Nbd7 11. h3 Bxf3 12. Bxf3 a6 13. a4 Re8 14. g4 h6 15. h4 Qc7 16. g5 hxg5 17. hxg5 Nh7 18. Kg2 c4 19. e5 Nc5 20. Be3 Nd3 21.
Qc2 dxe5 22. f5 gxf5 23. d6 Qxd6 24. Bxb7 Rab8 25. Ne4 fxe4 26. Qxc4 Rxb7 27. Qxe4 Rxb2+ 28. Kh1 Qd7 29. Rf3 Nf4 30. Bxf4 exf4 31. Qxf4 Rbe2 32. Raf1 Re1 33. Rxe1 Rxe1+ 34. Kg2 Re2+ 0-1

[Event "*** Qualifier 3: Titled Tuesday 3|2 Blitz"]
[Site "Chess.com"]
[Date "2017.04.18"]
[Round "4"]
[White "saraswathii"]
[Black "scrapnel"]
[Result "0-1"]
[WhiteElo "2228"]
[BlackElo "2379"]
[TimeControl "180+2"]
[EndTime "13:49:47 PDT"]
[Termination "scrapnel won by resignation"]

1. e4 c5 2. Nf3 d6 3. d3 Nc6 4. g3 g6 5. Bg2 Bg7 6. O-O e5 7. c3 Nge7 8. a3 a5 9. a4 O-O 10. Nh4 d5 11. exd5 Nxd5 12. Na3 Be6 13. Nc4 Rb8 14. Re1 Qd7 15. Nf3 f6 16. Qe2 Rfe8 17.
Nfd2 Rbd8 18. Ne4 Qe7 19. h4 h6 20. Ne3 f5 21. Nd2 Nxe3 22. Qxe3 Bd5 23. Bxd5+ Rxd5 24. Nc4 Qd8 25. Ra3 Rxd3 26. Qe2 e4 27. Rb3 Nd4 0-1

[Event "*** Qualifier 3: Titled Tuesday 3|2 Blitz"]
[Site "Chess.com"]
[Date "2017.04.18"]
[Round "4"]
[White "matiss90"]
[Black "ShimanovAlex"]
[Result "1-0"]
[WhiteElo "2309"]
[BlackElo "2570"]
[TimeControl "180+2"]
[EndTime "13:49:57 PDT"]
[Termination "matiss90 won by resignation"]

1. e4 g6 2. d4 Bg7 3. Nc3 c6 4. h3 d5 5. Nf3 Nf6 6. e5 Ne4 7. Nxe4 dxe4 8. Ng5 c5 9. dxc5 Qxd1+ 10. Kxd1 Nc6 11.
Nxe4 Bf5 12. Bd3 Nxe5 13. g4 Be6 14. Bb5+ Nc6 15. Bxc6+ bxc6 16. c3 O-O-O+ 17. Kc2 Bc4 18. Re1 h5 19. g5 h4 20. b3 Be6 21. Re3 Rd7 22. Bd2 Rhd8 23. Rae1 Bf5 24. Bc1 Be5 25. Kb2 Rd3 26. f3 Bxe4 27. Rxd3 Bxc3+ 28. Rxc3 1-0

[Event "*** Qualifier 3: Titled Tuesday 3|2 Blitz"]
[Site "Chess.com"]
[Date "2017.04.18"]
[Round "4"]
[White "chipmunknau"]
[Black "alekroth64"]
[Result "1-0"]
[WhiteElo "2407"]
[BlackElo "2266"]
[TimeControl "180+2"]
[EndTime "13:50:09 PDT"]
[Termination "chipmunknau won by resignation"]

1. Nf3 Nf6 2. d4 e6 3. g3 d5 4. Bg2 c5 5. O-O Nc6 6. c4 cxd4 7. Nxd4 Be7 8. Nc3 O-O 9. cxd5 exd5 10. Nb3 Be6 11. Bf4 Qd7 12. Rc1 Rfd8 13. Nb5 Nb4 14. N3d4 Nxa2 15. Rc7 Qe8 16. Rxb7 a6 17. Nc7 Qd7 18.
Qb3 Nb4 19. Rxb4 Bxb4 20. Nxa8 a5 21. Nb6 Qb7 22. Na4 Rc8 23. Nxe6 fxe6 24. Nc3 Qe7 25. Bg5 h6 26. Bxf6 Qxf6 27. Na2 Rb8 28. Nxb4 Rxb4 29. Qa3 Rxb2 30. e3 Rb5 31. Rc1 Qb2 32. Rc8+ Kh7 33.
Qd3+ g6 34. Rc7+ Kh8 35. Bf1 1-0

[Event "*** Qualifier 3: Titled Tuesday 3|2 Blitz"]
[Site "Chess.com"]
[Date "2017.04.18"]
[Round "4"]
[White "RobertoJBM"]
[Black "VMikhalevski"]
[Result "0-1"]
[WhiteElo "2409"]
[BlackElo "2565"]
[TimeControl "180+2"]
[EndTime "13:50:11 PDT"]
[Termination "VMikhalevski won by resignation"]

1. d4 Nf6 2. Nf3 g6 3. c4 Bg7 4. Nc3 d5 5. Qb3 dxc4 6. Qxc4 O-O 7. e4 Be6 8. Qa4 Nbd7 9. Be2 c5 10. d5 Bg4 11. O-O e6 12. Rd1 exd5 13. Nxd5 Nxd5 14. Rxd5 Nb6 15. Rxd8 Nxa4 16. Rxa8 Rxa8 17. Rb1 Re8 18.
Bd3 c4 19. Bc2 Nc5 20. h3 Bd7 21. Be3 Nxe4 22. Bxa7 Bc6 23. Be3 Ra8 24. a3 c3 25.
Nd4 Nd2 26. Rd1 Bd5 27. Bxd2 cxd2 28. Rxd2 Rc8 29. Bb3 Rc1+ 30. Rd1 Rxd1+ 31. Bxd1 Bxd4 0-1

[Event "*** Qualifier 3: Titled Tuesday 3|2 Blitz"]
[Site "Chess.com"]
[Date "2017.04.18"]
[Round "4"]
[White "aRk_iN"]
[Black "MateusViageiro"]
[Result "0-1"]
[WhiteElo "2068"]
[BlackElo "2294"]
[TimeControl "180+2"]
[EndTime "13:50:28 PDT"]
[Termination "MateusViageiro won on time"]

1. e4 c5 2. Nf3 d6 3. d4 cxd4 4.
Nxd4 Nf6 5. Nc3 a6 6. h3 e5 7. Nde2 Be6 8. g4 d5 9. exd5 Nxd5 10.
Bg2 Nxc3 11. Qxd8+ Kxd8 12. Nxc3 Kc7 13. Be3 Nd7 14.
O-O Bc5 15. Rfe1 f6 16. Rad1 Bxe3 17. Rxe3 h5 18. gxh5 Rxh5 19. Ne4 Rah8 20. Rc3+ Kb8 21. Rd6 Re8 22. a4 Rh4 23. a5 f5 24. Ng5 Nf8 25.
Nxe6 Nxe6 26. Rb6 Re7 27. Bd5 Nf4 28. Bg2 Ne2+ 29. Kf1 Nxc3 30. bxc3 Rc4 31. Ke2 Rxc3 32. Kd2 Rc5 0-1

[Event "*** Qualifier 3: Titled Tuesday 3|2 Blitz"]
[Site "Chess.com"]
[Date "2017.04.18"]
[Round "4"]
[White "Kubas1010"]
[Black "ABDELAZEEZ-M"]
[Result "1-0"]
[WhiteElo "2404"]
[BlackElo "2133"]
[TimeControl "180+2"]
[EndTime "13:50:32 PDT"]
[Termination "Kubas1010 won by resignation"]

1. d4 d5 2. c4 e6 3. Nf3 Nf6 4.
g3 Be7 5. Bg2 c6 6. O-O O-O 7.
Qc2 Nbd7 8. Nbd2 Re8 9. e4 dxe4 10. Nxe4 Nxe4 11. Qxe4 Bf6 12. Rd1 Qb6 13. c5 Qc7 14.
Bf4 e5 15. dxe5 Nxc5 16. exf6 Nxe4 17. Bxc7 Nxf6 18. Nd4 Bg4 19. Bf3 Bxf3 20. Nxf3 Nd5 21. Ba5 Re2 22. Rd2 Re4 23. Rd4 Re2 24. Bd2 f6 25. Re1 Rxe1+ 26. Nxe1 Re8 27. Kf1 Kf7 28. Nc2 Re7 29. Ne3 Nxe3+ 30. Bxe3 a6 31. a4 Ke8 32. h4 Re5 33. Ke2 Ke7 34. Kd3 Ra5 35.
Bd2 Rf5 36. Rf4 Rd5+ 37. Rd4 Rf5 38. f4 h5 39. a5 Rb5 40. Bc3 Ke6 41. Ke4 Ke7 42.
f5 Re5+ 43. Kf4 Rb5 44. Rb4 Rd5 45. Rxb7+ Kf8 46. Rb6 1-0

[Event "*** Qualifier 3: Titled Tuesday 3|2 Blitz"]
[Site "Chess.com"]
[Date "2017.04.18"]
[Round "4"]
[White "XiaoKangZhong"]
[Black "juniortay"]
[Result "1-0"]
[WhiteElo "1963"]
[BlackElo "2284"]
[TimeControl "180+2"]
[EndTime "13:50:36 PDT"]
[Termination "XiaoKangZhong won by checkmate"]

1. e4 e5 2. Nf3 Nf6 3. Nc3 Nc6 4. d4 exd4 5. Nxd4 Bb4 6. Nxc6 bxc6 7. Bd3 d6 8. O-O Ng4 9. h3 Ne5 10. Be2 Qh4 11.
Qd4 Bc5 12. Qa4 Bxh3 13. gxh3 Qg3+ 14. Kh1 Qxh3+ 15. Kg1 O-O 16. Be3 Bxe3 17. fxe3 Qxe3+ 18. Rf2 f5 19. exf5 Rxf5 20. Rf1 Raf8 21. Qh4 Nf3+ 22. Bxf3 Rxf3 23. Kg2 Rxf2+ 24. Rxf2 Rxf2+ 25. Qxf2 Qg5+ 26.
Kf1 Qc1+ 27. Qe1 Qxc2 28. Qe8# 1-0

[Event "*** Qualifier 3: Titled Tuesday 3|2 Blitz"]
[Site "Chess.com"]
[Date "2017.04.18"]
[Round "4"]
[White "FearlessKing64"]
[Black "FearNoEvil12"]
[Result "0-1"]
[WhiteElo "2154"]
[BlackElo "2117"]
[TimeControl "180+2"]
[EndTime "13:50:41 PDT"]
[Termination "FearNoEvil12 won by checkmate"]

1. e4 a6 2. d4 b5 3. Bd3 Bb7 4. Qe2 e6 5. f4 Nf6 6. Nf3 c5 7. c3 Qb6 8. O-O Nc6 9. d5 c4+ 10.
Be3 cxd3 11. Qxd3 Qc7 12. dxc6 Bxc6 13. Nbd2 d6 14. Kh1 Be7 15. Bd4 O-O 16. e5 Nd5 17. exd6 Bxd6 18. Ng5 g6 19. Nde4 Be7 20. Qh3 h5 21. Nxe6 Qd7 22. N6g5 Qxh3 23. Nxh3 f6 24. Rae1 Rae8 25. f5 g5 26. Nhf2 Kh7 27. Bc5 Nf4 28.
Bxe7 Rxe7 29. Nxf6+ Rxf6 30. Rxe7+ Kh6 31. Kg1 Bxg2 32.
Rd1 Bf3 33. Rdd7 g4 34. Ne4 Bxe4 35. Rxe4 Rxf5 36. Rd6+ Kg5 37. Rxa6 Nh3+ 38. Kg2 Rf2+ 39. Kh1 Rf1+ 40. Kg2 Rg1# 0-1

[Event "*** Qualifier 3: Titled Tuesday 3|2 Blitz"]
[Site "Chess.com"]
[Date "2017.04.18"]
[Round "4"]
[White "Marcus_Harvey"]
[Black "LuckyTiger"]
[Result "1-0"]
[WhiteElo "2524"]
[BlackElo "2586"]
[TimeControl "180+2"]
[EndTime "13:50:44 PDT"]
[Termination "Marcus_Harvey won by resignation"]

1. Nf3 c5 2. b3 Nc6 3. Bb2 e6 4.
e3 Nf6 5. Be2 Be7 6. O-O O-O 7. c4 d5 8. cxd5 Nxd5 9. Nc3 Bf6 10. Qc1 Ndb4 11. Rd1 Nd3 12. Bxd3 Qxd3 13. Na4 Bxb2 14. Nxb2 Qe2 15. d3 b6 16. Rd2 Qxd2 17. Qxd2 Rd8 18. Qc3 Bb7 19. d4 cxd4 20. Nxd4 Nxd4 21.
exd4 Rac8 22. Qd2 h6 23. Rc1 Rxc1+ 24. Qxc1 Rc8 25. Qd2 Be4 26. Nc4 Bd5 27. Ne3 Be4 28. f3 Bb7 29. d5 Rd8 30. d6 Bc6 31. Nc4 Bd5 32. a4 f6 33. f4 Kf7 34. f5 Rc8 35.
fxe6+ Bxe6 36. Qd4 Rd8 37. a5 b5 38. Qxa7+ Rd7 39.
Qxd7+ Bxd7 40. Nb6 Bc6 41. a6 Ke6 42. d7 Ke7 43. a7 Kd8 44. Kf2 h5 45. g3 g5 46.
h4 Kc7 47. b4 Bb7 48. Ke3 Bc6 49. Kd4 Bb7 50. Kc5 g4 51. Kd4 Bc6 52. Ke3 Kd8 53.
Kf4 Ke7 54. Kf5 Bb7 55. a8=Q Bxa8 56. Nxa8 1-0

[Event "*** Qualifier 3: Titled Tuesday 3|2 Blitz"]
[Site "Chess.com"]
[Date "2017.04.18"]
[Round "4"]
[White "sorito"]
[Black "Drags95"]
[Result "0-1"]
[WhiteElo "2408"]
[BlackElo "2540"]
[TimeControl "180+2"]
[EndTime "13:50:45 PDT"]
[Termination "Drags95 won by resignation"]

1. d4 Nf6 2. Nf3 g6 3. g3 Bg7 4.
Bg2 O-O 5. b3 c5 6. Bb2 cxd4 7.
Nxd4 d5 8. O-O Re8 9. Nf3 Nc6 10. Ne5 Qc7 11. Nxc6 bxc6 12. c4 e5 13. cxd5 cxd5 14.
Nc3 Bb7 15. Nxd5 Bxd5 16. Bxd5 Rad8 17. e4 Nxe4 18. Rc1 Qa5 19. Bxe4 Rxd1 20. Rfxd1 Qxa2 21. Ba1 Qxb3 22. Bd5 Qa4 23. Bc6 Qa3 24. Bxe8 e4 25.
Bxg7 Kxg7 26. Rc7 e3 27. Rxf7+ Kh6 28. f4 e2 29. Re1 Qe3+ 30. Kg2 Qxe8 31. Rxa7 Qe4+ 32.
Kh3 Qe6+ 33. Kg2 Qc6+ 34. Kh3 Qf3 35. Raa1 Kh5 36. Rg1 h6 37. Rae1 g5 38. fxg5 hxg5 0-1

[Event "*** Qualifier 3: Titled Tuesday 3|2 Blitz"]
[Site "Chess.com"]
[Date "2017.04.18"]
[Round "4"]
[White "Outsmiter"]
[Black "Saitama_Hero"]
[Result "0-1"]
[WhiteElo "2087"]
[BlackElo "2166"]
[TimeControl "180+2"]
[EndTime "13:50:49 PDT"]
[Termination "Saitama_Hero won by resignation"]

1. e4 d6 2. d4 g6 3. Nc3 Bg7 4. Be2 Nf6 5. h4 c5 6. Be3 cxd4 7. Bxd4 Nc6 8. Be3 Qa5 9. f3 Be6 10.
Qd2 O-O 11. a3 Rac8 12. g4 h5 13. Bh6 Bxh6 14. Qxh6 Ne5 15. Qd2 hxg4 16. f4 Nc4 17. Bxc4 Rxc4 18. f5 Nxe4 19. Nxe4 Rxe4+ 20. Ne2 Qxd2+ 21. Kxd2 Bxf5 22. h5 Rc8 23. Rag1 Re5 24. Nc3 d5 25. hxg6 fxg6 26. Rc1 d4 27. Ne2 Re4 28. Ng3 Rf4 29.
Rh2 e5 30. Ne2 Rf3 31. c3 d3 32. Ng1 Rf4 33. Re1 g3 34. Rg2 Rf2+ 0-1

[Event "*** Qualifier 3: Titled Tuesday 3|2 Blitz"]
[Site "Chess.com"]
[Date "2017.04.18"]
[Round "4"]
[White "pKiLz5Rn9b"]
[Black "Goala"]
[Result "1-0"]
[WhiteElo "2471"]
[BlackElo "2356"]
[TimeControl "180+2"]
[EndTime "13:50:52 PDT"]
[Termination "pKiLz5Rn9b won by checkmate"]

1. d4 e6 2. Nf3 Nf6 3. Nbd2 c5 4.
e3 b6 5. Bd3 Bb7 6. O-O d6 7.
c3 Nbd7 8. Re1 Qc7 9. e4 Be7 10. Nf1 a6 11. Ng3 b5 12. a4 Qb6 13. d5 Ng4 14. Ng5 Nde5 15. Be2 Bxg5 16. Bxg5 Nf6 17. Qd2 h6 18. Bxf6 gxf6 19. f4 Nc4 20. Bxc4 bxc4 21. a5 Qc7 22. dxe6 fxe6 23. f5 e5 24. Nh5 Qf7 25. Qxd6 Qxh5 26. Qe6+ Kf8 27. Qxf6+ Kg8 28. Re3 Qf7 29. Rg3+ Kf8 30. Qxh8+ Ke7 31. Qxe5+ Kd8 32. Rd1+ Kc8 33. Rg7 Qh5 34. Qc7# 1-0

[Event "*** Qualifier 3: Titled Tuesday 3|2 Blitz"]
[Site "Chess.com"]
[Date "2017.04.18"]
[Round "4"]
[White "DryCounty"]
[Black "GulamaliRises"]
[Result "0-1"]
[WhiteElo "2455"]
[BlackElo "2457"]
[TimeControl "180+2"]
[EndTime "13:50:54 PDT"]
[Termination "GulamaliRises won by resignation"]

1. Nf3 Nf6 2. c4 c6 3. g3 d5 4. b3 g6 5. Bb2 Bg7 6. Bg2 O-O 7.
O-O a5 8. d3 a4 9. b4 dxc4 10.
dxc4 Qxd1 11. Rxd1 Be6 12. Nbd2 a3 13. Bc3 Na6 14. Nd4 Bd7 15. Nc2 Nc7 16. Nb3 Be6 17. Be5 Rfc8 18. Ne3 Ng4 19. Nxg4 Bxg4 20. Bxg7 Kxg7 21. Kf1 Na6 22. b5 Nb4 23. Nc5 cxb5 24. Bxb7 Rxc5 25. Bxa8 bxc4 26. f3 Be6 27. Rab1 Nxa2 28.
Ra1 c3 29. Kf2 c2 30. Re1 c1=Q 31. Raxc1 Nxc1 0-1

[Event "*** Qualifier 3: Titled Tuesday 3|2 Blitz"]
[Site "Chess.com"]
[Date "2017.04.18"]
[Round "4"]
[White "peteseeger"]
[Black "amazingoid"]
[Result "1-0"]
[WhiteElo "2134"]
[BlackElo "2284"]
[TimeControl "180+2"]
[EndTime "13:50:55 PDT"]
[Termination "peteseeger won on time"]

1. e4 c5 2. Nf3 Nc6 3. Bb5 g6 4.
O-O Bg7 5. Nc3 Nf6 6. e5 Ng4 7. Bxc6 dxc6 8. Re1 Qc7 9. Qe2 O-O 10. d3 b6 11. Bf4 Be6 12. Qd2 Bd5 13. Nxd5 cxd5 14. h3 h5 15. hxg4 hxg4 16. Ng5 Qc6 17. Qe2 f5 18. exf6 exf6 19. Ne6 Rfe8 20. Qxg4 g5 21. Bg3 Re7 22. Nxg7 Rxg7 23. Qe6+ Qxe6 24. Rxe6 Rd8 25. Rae1 Rf7 26. Re8+ Rxe8 27. Rxe8+ Kg7 28. Bd6 Kg6 29. g4 Rd7 30. Bg3 c4 31. Kf1 b5 32.
Ke2 a5 33. Re6 Kf7 34. Rd6 Re7+ 35. Kd2 b4 36. Rxd5 c3+ 37. bxc3 bxc3+ 38. Kxc3 Re2 39. Rxa5 1-0

[Event "*** Qualifier 3: Titled Tuesday 3|2 Blitz"]
[Site "Chess.com"]
[Date "2017.04.18"]
[Round "4"]
[White "jefferyx"]
[Black "RitvarsReimanis"]
[Result "1-0"]
[WhiteElo "2596"]
[BlackElo "2434"]
[TimeControl "180+2"]
[EndTime "13:51:02 PDT"]
[Termination "jefferyx won by resignation"]

1. e4 c5 2. Nf3 Nc6 3. Bb5 g6 4.
Bxc6 bxc6 5. O-O Bg7 6. c3 Nh6 7. d4 cxd4 8. cxd4 f6 9. Nc3 O-O 10. b3 d6 11. Re1 Nf7 12. Ba3 Qa5 13. Bb2 Bg4 14. h3 Bd7 15. Rc1 Qh5 16. Ne2 Ng5 17.
Nxg5 fxg5 18. e5 Qh4 19. Ng3 Bxh3 20. gxh3 Rxf2 21. Kxf2 Qxh3 22. Rg1 Qh2+ 23. Ke3 Rf8 24. Qe2 Qh4 25. Rcf1 Rf4 26. Kd2 dxe5 27. Kc2 Rg4 28.
Qc4+ Kh8 29. Qxc6 h5 30. Qh1 Rxg3 31. Qxh4 gxh4 32. dxe5 e6 33. Rxg3 hxg3 34. Rh1 Bh6 35. Kd3 Kg7 36. Ke4 g5 37. Rxh5 g2 38. Bd4 1-0

[Event "*** Qualifier 3: Titled Tuesday 3|2 Blitz"]
[Site "Chess.com"]
[Date "2017.04.18"]
[Round "4"]
[White "MaxLeto"]
[Black "yurisolo"]
[Result "0-1"]
[WhiteElo "2315"]
[BlackElo "2458"]
[TimeControl "180+2"]
[EndTime "13:51:04 PDT"]
[Termination "yurisolo won by resignation"]

1. d4 g6 2. c3 Bg7 3. Nf3 d6 4. Bf4 Nd7 5. e3 e5 6. Bg3 Qe7 7. Be2 Ngf6 8. O-O Ne4 9. Nbd2 Nxg3 10. hxg3 O-O 11. a4 a5 12. Nc4 b6 13. dxe5 dxe5 14. Qd5 Rb8 15. Rfd1 Re8 16. Qb5 Nc5 17. Nxa5 Ba6 18.
Nc6 Qf8 19. Qxa6 Nxa6 20. Bxa6 Ra8 21. Bb7 Qc5 22. Nd2 f5 23. Nb3 Qc4 24. Nd2 Qe6 25. b3 e4 26. Rac1 Bf6 27. Nc4 Kg7 28. Rd2 Kh6 29.
Rdd1 b5 30. Bxa8 bxc4 31. Bb7 cxb3 32. Nb4 b2 33. Rc2 Qb3 34. Bd5 b1=Q 35. Bxb3 Qxd1+ 0-1

[Event "*** Qualifier 3: Titled Tuesday 3|2 Blitz"]
[Site "Chess.com"]
[Date "2017.04.18"]
[Round "4"]
[White "troisi"]
[Black "aa175"]
[Result "0-1"]
[WhiteElo "1312"]
[BlackElo "1843"]
[TimeControl "180+2"]
[EndTime "13:51:10 PDT"]
[Termination "aa175 won by checkmate"]

1. e4 e5 2. Nc3 Nf6 3. Nf3 Nc6 4.
d4 Bb4 5. d5 Ne7 6. Bd3 d6 7.
h3 a6 8. O-O h6 9. a3 Bc5 10. Qe2 O-O 11. Be3 Bxe3 12. Qxe3 c6 13. dxc6 bxc6 14. Rad1 Qc7 15. Bc4 Be6 16. Bxe6 fxe6 17.
Qd3 Rfd8 18. Ne2 d5 19. Ng3 dxe4 20. Qe2 exf3 21. Qxf3 Rd5 22. c4 Rxd1 23. Rxd1 Rd8 24.
Re1 Rd4 25. Qb3 Nf5 26. Ne2 Re4 27. f3 Re3 28. Qa4 Qb6 29. Kh2 Nd4 30. Qd1 Qxb2 31. Ng1 Rxe1 32. Qxe1 Qb8 33. Kh1 e4 34. Qd2 Qe5 35.
f4 Qc5 36. Qc3 Ne2 37. Nxe2 Qf2 38. Qd2 e3 39. Qd8+ Kh7 40. Qd1 Ne4 41. Kh2 Nd2 42.
Qc2+ Kg8 43. Qg6 Nf3+ 44. Kh1 Qe1+ 45. Ng1 Qxg1# 0-1

[Event "*** Qualifier 3: Titled Tuesday 3|2 Blitz"]
[Site "Chess.com"]
[Date "2017.04.18"]
[Round "4"]
[White "fastestmindalive"]
[Black "GMHess"]
[Result "1-0"]
[WhiteElo "2429"]
[BlackElo "2516"]
[TimeControl "180+2"]
[EndTime "13:51:12 PDT"]
[Termination "fastestmindalive won by resignation"]

1. e4 e5 2. Nf3 Nc6 3. Bb5 a6 4. Ba4 b5 5. Bb3 Na5 6. Nxe5 Nxb3 7. axb3 Qe7 8. d4 d6 9. Nf3 Qxe4+ 10.
Be3 Bf5 11. Nc3 Qxc2 12. Qxc2 Bxc2 13. Nxb5 Rc8 14. Rxa6 Kd7 15. Kd2 Bxb3 16. Rc1 Nf6 17. Ra7 Ne8 18. Ne1 Be7 19. Nd3 h5 20. Nb4 h4 21.
Rc3 Be6 22. d5 Bf5 23. Na6 Bd8 24. Bb6 Be4 25. Naxc7 Nxc7 26. Nxc7 Bxc7 27. Rcxc7+ Rxc7 28. Rxc7+ 1-0

[Event "*** Qualifier 3: Titled Tuesday 3|2 Blitz"]
[Site "Chess.com"]
[Date "2017.04.18"]
[Round "4"]
[White "PHOENIXME"]
[Black "rithwik2002"]
[Result "0-1"]
[WhiteElo "1906"]
[BlackElo "1784"]
[TimeControl "180+2"]
[EndTime "13:51:12 PDT"]
[Termination "rithwik2002 won on time"]

1. e4 e6 2. d3 d5 3. Nd2 Nf6 4.
g3 Nc6 5. Bg2 dxe4 6. dxe4 e5 7.
Ngf3 Bc5 8. O-O O-O 9. Qe2 Qe7 10. h3 a5 11. c3 b6 12. Rd1 Rd8 13. Nc4 Ba6 14.
Bg5 Rxd1+ 15. Rxd1 a4 16. Bf1 Na5 17. Nfxe5 Qe6 18. b3 axb3 19. axb3 Nxc4 20. Nxc4 Nxe4 21. Bd2 Nxf2 22. Qxe6 fxe6 23. Ra1 Ng4+ 0-1

[Event "*** Qualifier 3: Titled Tuesday 3|2 Blitz"]
[Site "Chess.com"]
[Date "2017.04.18"]
[Round "4"]
[White "LawrenceTrent"]
[Black "ChristopherYoo"]
[Result "1-0"]
[WhiteElo "2409"]
[BlackElo "2259"]
[TimeControl "180+2"]
[EndTime "13:51:22 PDT"]
[Termination "LawrenceTrent won by resignation"]

1. d4 Nf6 2. Bg5 d5 3. e3 h6 4. Bxf6 exf6 5. c4 dxc4 6. Bxc4 Be7 7. Nc3 c6 8. Nge2 O-O 9. O-O b5 10. Bd3 Bb7 11. Nf4 Nd7 12. Rc1 g6 13. Qg4 f5 14.
Bxf5 Nf6 15. Qg3 g5 16. h4 Nh7 17. Nh5 Bc8 18. Bb1 Bd6 19. Qf3 Qe7 20. Ne4 g4 21.
Nef6+ Nxf6 22. Nxf6+ Kg7 23. Nxg4 Qxh4 24. Bf5 Bxf5 25.
Qxf5 Rac8 26. g3 Qe7 27. Kg2 c5 28. dxc5 Bxc5 29. Rh1 Rh8 30. Nxh6 Rxh6 31. Rxh6 Kxh6 32. Rh1+ Kg7 33. Qh7+ Kf6 34. Rh6+ Ke5 35. f4+ Kd5 36.
Qd3+ 1-0

[Event "*** Qualifier 3: Titled Tuesday 3|2 Blitz"]
[Site "Chess.com"]
[Date "2017.04.18"]
[Round "4"]
[White "CM_FM_IM_GM"]
[Black "Rock700chess"]
[Result "0-1"]
[WhiteElo "1990"]
[BlackElo "2223"]
[TimeControl "180+2"]
[EndTime "13:51:23 PDT"]
[Termination "Rock700chess won by resignation"]

1. d4 Nf6 2. c4 e6 3. Nf3 Bb4+ 4. Bd2 Qe7 5. a3 Bxd2+ 6. Nbxd2 d6 7. e3 O-O 8. Bd3 Nbd7 9. O-O e5 10. dxe5 dxe5 11.
Bc2 b6 12. Qe2 Bb7 13. Rad1 Rfe8 14. Ng5 h6 15. Nge4 a5 16. f3 Nc5 17. Nxf6+ Qxf6 18. Kh1 Rad8 19. Ne4 Nxe4 20. Bxe4 Rxd1 21. Qxd1 Bxe4 22.
fxe4 Rd8 23. Qe2 Rd2 24. Qe1 Qd6 25. Qc1 Qd3 26. h3 Qxe3 27. c5 Qe2 28. Rg1 Rc2 29.
Qd1 Qxd1 30. Rxd1 Rxc5 31. Rd8+ Kh7 32. Rd7 f6 33. Kg1 Rc2 34. b4 axb4 35. axb4 Rc4 36. b5 Rxe4 37. Rxc7 Rb4 38. Kf2 Rxb5 39. Ke3 Rb3+ 40.
Ke4 Rg3 41. Rb7 Rxg2 42. Rxb6 Rg3 43. Kf5 Rxh3 44. Rb7 Rf3+ 45. Kg4 Rf4+ 46. Kg3 Kg6 47. Rb5 Kf5 48. Rb7 g5 49. Rh7 Rh4 50. Ra7 h5 51.
Ra5 Rb4 52. Ra1 h4+ 53. Kg2 g4 54. Rf1+ Rf4 55. Rh1 g3 56. Ra1 Rf2+ 57. Kg1 h3 58. Ra3 h2+ 0-1

[Event "*** Qualifier 3: Titled Tuesday 3|2 Blitz"]
[Site "Chess.com"]
[Date "2017.04.18"]
[Round "4"]
[White "PowerThinking2650"]
[Black "Robin-Side"]
[Result "1-0"]
[WhiteElo "2228"]
[BlackElo "2308"]
[TimeControl "180+2"]
[EndTime "13:51:24 PDT"]
[Termination "PowerThinking2650 won by resignation"]

1. e4 c5 2. Nf3 Nc6 3. d4 cxd4 4.
Nxd4 e5 5. Nb5 d6 6. N1c3 a6 7. Na3 b5 8. Nd5 Nge7 9. c4 Nd4 10. cxb5 Nxd5 11. exd5 Bd7 12. bxa6 Qa5+ 13. Bd2 Qxd5 14. Nc2 Qe4+ 15. Ne3 Be7 16. Bc4 Bc6 17. O-O Nf5 18. Qb1 Nxe3 19. Qxe4 Bxe4 20. Bb5+ Kf8 21. Bxe3 f5 22. f3 Bd5 23. Rfd1 Be6 24. a7 Kf7 25. Bc6 d5 26. Rxd5 Bxd5 27. Bxd5+ Kf6 28.
Bxa8 Rxa8 29. Rc1 Ke6 30. a3 h6 31. b4 Bg5 32. Bxg5 hxg5 33. Rc7 g6 34. b5 Kd6 35. b6 1-0

[Event "*** Qualifier 3: Titled Tuesday 3|2 Blitz"]
[Site "Chess.com"]
[Date "2017.04.18"]
[Round "4"]
[White "GrigorGrigorov"]
[Black "DanielNaroditsky"]
[Result "0-1"]
[WhiteElo "2474"]
[BlackElo "2729"]
[TimeControl "180+2"]
[EndTime "13:51:29 PDT"]
[Termination "DanielNaroditsky won by resignation"]

1. e4 e5 2. Nf3 Nc6 3. Bc4 Be7 4.
O-O Nf6 5. d3 d6 6. c3 a6 7. Bb3 O-O 8. Re1 Bg4 9. Nbd2 Nd7 10.
h3 Bh5 11. Nf1 Nc5 12. Bd5 Ne6 13. Ng3 Bxf3 14. Qxf3 Bg5 15. Qg4 Bxc1 16. Raxc1 Qf6 17. Nf5 Kh8 18. Rcd1 g6 19. Ne3 h5 20. Qg3 Nf4 21. Bb3 Ne7 22. h4 c6 23. Qg5 Qxg5 24.
hxg5 d5 25. exd5 cxd5 26. g3 Nh3+ 27. Kg2 Nxg5 28. Nxd5 Nc6 29. Ba4 b5 30. Bb3 Rad8 31. f4 exf4 32. Nxf4 Rd6 33. d4 Na5 34. Re7 Nc4 35.
Bxc4 bxc4 36. b4 Rf6 37. Rde1 Nh7 38. Rc7 h4 39. Ree7 Kg8 40. Nd5 Rf5 41. Red7 Rg5 42. Ne7+ Kg7 43. Nc6 Nf6 44. Re7 Rxg3+ 45. Kf1 h3 46.
Ne5 h2 0-1

[Event "*** Qualifier 3: Titled Tuesday 3|2 Blitz"]
[Site "Chess.com"]
[Date "2017.04.18"]
[Round "4"]
[White "MFBerna"]
[Black "blitzcopter"]
[Result "1-0"]
[WhiteElo "2174"]
[BlackElo "2122"]
[TimeControl "180+2"]
[EndTime "13:51:36 PDT"]
[Termination "MFBerna won by resignation"]

1. e4 c6 2. d4 d5 3. e5 Bf5 4. Nf3 e6 5. Be2 c5 6. O-O Nc6 7. c4 dxc4 8. Be3 cxd4 9. Nxd4 Nxd4 10. Bxd4 Ne7 11. Bxc4 Nc6 12. Bc3 Be7 13. Na3 a6 14. Qb3 Qc7 15. Rac1 O-O 16. f4 Rac8 17. Be2 Bc5+ 18.
Kh1 Qb6 19. Qxb6 Bxb6 20. Nc4 Bc5 21. Rfd1 Rfd8 22. Bf3 Bd3 23. Nd6 Bxd6 24. Rxd3 Be7 25. Rcd1 b5 26. Rxd8+ Rxd8 27. Rxd8+ Nxd8 28. Kg1 Bc5+ 29. Kf1 Kf8 30. Ke2 Ke7 31. Kd3 Kd7 32. a4 Nc6 33. b3 Nb4+ 34. Ke4 Nc6 35. Be2 bxa4 36.
bxa4 a5 37. Bb5 Bb6 38. Kd3 Kc7 39. Kc4 Bg1 40. h3 Bh2 41. Bd2 Kb6 42. Be3+ Kc7 43. g4 g5 44. fxg5 Nxe5+ 45. Kc5 Nf3 46. Be8 Bd6+ 47.
Kb5 Be7 48. Bb6+ Kb7 49. Bc6+ Kb8 50. Bxf3 1-0